 Dungeon Crawl Stone Soup version 0.31-a0-632-g766dd24fdf (webtiles) character file.

Game seed: 6306984919950090330

63 Joey1 the Ruffian (level 3, 0/35 HPs)
             Began as a Troll Shapeshifter on Aug 25, 2023.
             Slain by an orc
             ... wielding a +0 flail
              (8 damage)
             ... on level 2 of the Dungeon.
             The game lasted 00:03:06 (1120 turns).

Joey1 the Ruffian (Troll Shapeshifter)              Turns: 1120, Time: 00:03:06

Health: 0/35       AC:  4    Str: 25    XL:     3   Next: 87%
Magic:  2/2        EV: 10    Int:  4    God:
Gold:   89         SH:  0    Dex: 10    Spells: 2/2 levels left

rFire   . .          .
                       - Unarmed
rCold   . . .        (no shield)
rNeg    . . .        a - +0 animal skin
rPois   .            (helmet currently unavailable)
rElec   .            (cloak currently unavailable)
rCorr   .            (gloves unavailable)
SInv    .            (boots unavailable)
Will    .....        (no amulet)
Stlth   +            (no ring)
HPRegen 1.05/turn    (no ring)
MPRegen 0.08/turn

%: no passive effects
@: beast-form
A: beast (slay +1), large, unfitting armour, claws 3, regeneration 1, shaggy fur
1, tough skin 1
a: Begin Untransformation


You were on level 2 of the Dungeon.
You were a hulking beast.
You visited 1 branch of the dungeon, and saw 3 of its levels.

You collected 89 gold pieces.

Inventory:

Armour
 a - a +0 animal skin (worn)
Jewellery
 i - an amulet of the acrobat
Talismans
 c - a beast talisman (active)
 d - a flux talisman
Scrolls
 e - a scroll of amnesia {unknown}
 f - a scroll of enchant armour {unknown}
 k - 2 scrolls of identify {unknown}
Potions
 b - a potion of lignification
 g - a potion of cancellation {unknown}
 h - 2 potions of curing {unknown}
 j - 2 potions of berserk rage {unknown}
 l - a potion of resistance {unknown}
 m - a potion of invisibility {unknown}
 n - a potion of attraction {unknown}
 o - a potion of enlightenment {unknown}
 p - 2 potions of might {unknown}


   Skills:
 * Level 2.0 Fighting
 - Level 2.0 Dodging
 + Level 3.4 Unarmed Combat
 + Level 3.3 Shapeshifting


You had 2 spell levels left.
You didn't know any spells.
Your spell library contained the following spells:

 Spells                   Type           Power      Damage    Failure   Level
 Shock                    Conj/Air       0%         1d3       50%         1
 Swiftness                Air            0%         N/A       86%         3
 Airstrike                Air            0%         2d(0-16)  99%         4


Dungeon Overview and Level Annotations

Branches:
Dungeon (3/15)

Altars:


Innate Abilities, Weirdness & Mutations

You are a hulking beast.
Your limbs bulge with bestial killing power. (Slay +1)
You are too large for most types of armour.
You have claws for hands.
Your natural rate of healing is unusually fast.
You are covered in fur. (AC +1)
You have tough skin. (AC +1)


Message History

A rat comes into view.
Unknown command.
You claw the orc!
You kill the orc!
The orc hits you but does no damage. The rat barely misses you.
The orc barely misses you.
You climb upwards.
There is a stone staircase leading down here.
You claw the orc!
You kill the orc!
The rat bites you but does no damage.
You barely miss the rat. The rat bites you.
Unknown command.
You barely miss the rat. Your claw misses the rat. The rat barely misses you.
Unknown command.
You claw the rat!
You kill the rat!
No target in view!
No target in view!
Unknown command.
You climb downwards.
The hobgoblin shouts!
The orc hits you with a +0 flail! The orc hits you with a +0 hand axe.
The rat barely misses you. The orc barely misses you.
The orc hits you with a +0 flail.
A rat comes into view.
The orc closely misses you. The orc barely misses you.
The rat barely misses you.
There is a stone staircase leading up, spattered with blood here.
The orc hits you with a +0 flail. The orc hits you with a +0 hand axe.
The orc hits you with a +0 whip.
* * * LOW HITPOINT WARNING * * *
The rat closely misses you.
You climb upwards.
There is a stone staircase leading down here.
The rat attacks as it pursues you! The rat completely misses you.
The orc attacks as it pursues you! The orc hits you with a +0 hand axe.
* * * LOW HITPOINT WARNING * * *
The orc hits you with a +0 flail!
You die...

############
#..........#
#.########.# ####
#.####.#.#.# )..#
####........#.# ...#
#....##...#...#
...###....#..<..ho.####
.............)..oro...#
....................#.#
....................#.#
##########.......#....#
###### ####....######
.....# #......#
.....######......#
..........#......#


You could see 3 orcs and a rat.

Vanquished Creatures
  2 adders (D:2)
  A dart slug (D:2)
  5 orcs
  3 ball pythons
  4 bats (D:2)
  3 endoplasms
  A giant cockroach (D:2)
  3 goblins
  2 hobgoblins (D:1)
  A jackal (D:2)
  2 quokkas (D:1)
  A frilled lizard (D:1)
  4 kobolds (D:1)
  6 rats
38 creatures vanquished.

Notes
Turn   | Place    | Note
-------+----------+-------------------------------------------
     0 | D:1      | Joey1 the Troll Shapeshifter began the quest for the Orb.
     0 | D:1      | Reached XP level 1. HP: 18/18 MP: 0/0
    58 | D:1      | Reached skill level 1 in Fighting
   208 | D:1      | Reached XP level 2. HP: 26/27 MP: 1/1
   733 | D:2      | Reached XP level 3. HP: 16/33 MP: 2/2
  1120 | D:2      | Slain by an orc

Illustrated notes

Levels and vault maps discovered:
D:1:      wander_arrival_desolate, layout_basic
D:2:      layout_basic, minmay_misc_feat_plants, kennysheep_potato
D:3:      layout_rooms, dreamdust_ecumenical_altar_drowned_temple, uniq_terence

Skill      XL: |  1  2  3 |
---------------+----------+-----
Fighting       | 1 2 |  2.0
Dodging        | 2 |  2.0
Unarmed Combat | |  3.4
Shapeshifting  | |  3.3

Action                     || total
---------------------------++-------
  Melee: Unarmed           ||    75
         Punch             ||     1
   Stab: Sleeping          ||     1
 Armour: Animal skin       ||    22
  Dodge: Dodged            ||    36

Table legend: (Time is in decaauts)
 A = Elapsed time spent in this place.
 B = Non-inter-level travel time spent in this place.
 C = Inter-level travel time spent in this place.
 D = Time resting spent in this place.
 E = Time spent auto-exploring this place.
 F = Levels seen in this place.
 G = Mean time per level.
                   A        B        C        D        E       F      G
               +--------+--------+--------+--------+--------+-----+--------+
         Total |   1116 |   1082 |     34 |      0 |    884 |   3 |  372.0 |
       Dungeon |   1116 |   1082 |     34 |      0 |    884 |   3 |  372.0 |
               +--------+--------+--------+--------+--------+-----+--------+

Top non-repeatable levels by time:
     D:1: 612 daAuts
     D:2: 497 daAuts
     D:3: 7 daAuts
